 Dungeon Crawl Stone Soup version 0.29.0-13-gc9e81de378 (webtiles) character file.

Game seed: 11016631857197719081

86614 sleeves the Unseen (level 15, -10/92 HPs)
             Began as a Vampire Brigand on Sept 8, 2022.
             Was the Champion of Dithmenos.
             Mangled by a spark wasp (24 damage)
             ... on level 1 of the Spider Nest.
             The game lasted 01:04:48 (28344 turns).

sleeves the Unseen (Vampire Brigand)               Turns: 28344, Time: 01:04:48

Health: -10/92     AC: 16    Str: 10    XL:     15   Next: 41%
Magic:  16/29      EV: 16    Int: 35    God:    Dithmenos [******]
Gold:   2804       SH:  0    Dex: 12    Spells: 25/34 levels left

rFire   . . .      SeeInvis +   b - staff of conjuration
rCold   + + .      Faith    .   (no shield)
rNeg    + + +      Spirit   .   o - +1 robe "Cuetegg Adde" {Will+++ Int+8 Dex-4}
rPois   ∞          Reflect  .   t - +0 helmet of Articulation {Fly Slay+3}
rElec   +          Harm     .   c - scarf {repulsion}
rCorr   .          Rampage  .   y - +0 pair of gloves
Will    +++++                   q - +2 pair of boots "Cige" {Regen+} Stlth ******++++
                                w - amulet "Huleh" {Acrobat Will+ Int+6}
HPRegen 0.00/turn               u - +4 ring of protection
MPRegen 0.21/turn               J - +4 ring of protection

@: flying, bloodless, inhibited regen, wreathed by umbra, repel missiles
A: bloodless, fangs 3, see invisible, vampiric 2, electricity resistance, wild
magic 1
a: Bat Form, Revivify, Renounce Religion, Shadow Step, Shadow Form


You were on level 1 of the Spider Nest.
You worshipped Dithmenos.
Dithmenos was exalted by your worship.
You visited 5 branches of the dungeon, and saw 25 of its levels.
You also visited: Bailey.

You collected 2879 gold pieces.
You spent 75 gold pieces at shops.

Inventory:

Hand Weapons
 a - a +2 short sword of protection
   (You took it off a kobold on level 13 of the Dungeon)
Missiles
 z - 2 throwing nets
Armour
 c - a scarf of repulsion (worn)
   (You found it on level 15 of the Dungeon)
 o - the +1 robe "Cuetegg Adde" (worn) {Will+++ Int+8 Dex-4}
   (You took it off a hobgoblin on level 2 of the Dungeon)

   Int:       It affects your intelligence (+8).
   Dex:       It affects your dexterity (-4).
   Will:      It greatly increases your willpower.
 q - the +2 pair of boots "Cige" (worn) {Regen+}
   (You found it on level 6 of the Dungeon)

   Regen:     It increases your rate of health regeneration.
 t - the +0 helmet of Articulation (worn) {Fly Slay+3}
   (You found it on level 3 of the Dungeon)

   Slay:      It affects your accuracy & damage with ranged weapons and melee
   (+3).
   Fly:       It grants you flight.
 y - a +0 pair of gloves (worn)
   (You found it on level 3 of the Dungeon)
 T - a +0 kite shield
   (You found it on level 8 of the Dungeon)
Magical Staves
 b - a staff of conjuration (weapon)
   (You took it off an orc on level 7 of the Dungeon)
Jewellery
 e - a ring of protection from fire
   (You found it on level 3 of the Lair of Beasts)
 f - an amulet of magic regeneration
   (You found it on level 1 of the Dungeon)
 p - a ring of positive energy
   (You found it on level 2 of the Dungeon)
 u - a +4 ring of protection (left hand)
   (You found it on level 3 of the Dungeon)
 w - the amulet "Huleh" (around neck) {Acrobat Will+ Int+6}
   (You found it on level 5 of the Lair of Beasts)

   [amulet of the acrobat]

   It increases your evasion while moving and waiting.
   Int:       It affects your intelligence (+6).
   Will:      It increases your willpower.
 A - the amulet "Adynilit" {Fly rF+ Regen+ Str-5}
   (You found it on level 4 of the Dungeon)

   [amulet of regeneration]

   Str:       It affects your strength (-5).
   rF:        It protects you from fire.
   Fly:       It grants you flight.
   Regen:     It increases your rate of health regeneration.
 J - a +4 ring of protection (right hand)
   (You found it on level 4 of the Lair of Beasts)
 N - the ring of Lifreack {rC+ rCorr Dex+2}
   (You found it on level 7 of the Dungeon)

   [ring of protection from cold]

   Dex:       It affects your dexterity (+2).
   rC:        It protects you from cold.
   rCorr:     It protects you from acid and corrosion.
 R - a ring of protection from cold
   (You found it on level 8 of the Dungeon)
Wands
 j - a wand of light (12)
   (You found it on level 6 of the Dungeon)
 O - a wand of iceblast (1)
   (You found it on level 5 of the Lair of Beasts)
Scrolls
 d - a scroll of silence
 g - a scroll of brand weapon {unknown}
 k - 4 scrolls of blinking
 l - 5 scrolls of teleportation
 m - 3 scrolls of noise {unknown}
 r - 3 scrolls of enchant weapon
 v - a scroll of torment
 D - 2 scrolls of butterflies
 I - a scroll of amnesia
 P - 2 scrolls of magic mapping
 Q - 5 scrolls of vulnerability
 X - 3 scrolls of fear
 Y - 3 scrolls of poison
 Z - 2 scrolls of immolation {unknown}
Potions
 h - 7 potions of might
 i - 2 potions of berserk rage {unknown}
 s - 7 potions of curing
 x - 9 potions of haste
 B - 2 potions of attraction {unknown}
 C - 3 potions of mutation
 E - 2 potions of magic {unknown}
 F - 2 potions of ambrosia {unknown}
 H - 2 potions of heal wounds
 M - 2 potions of cancellation {unknown}
 S - 4 potions of resistance
 U - 2 potions of lignification {unknown}
 W - 4 potions of brilliance {unknown}
Miscellaneous
 K - a condenser vane
   (You found it on level 5 of the Lair of Beasts)
 L - a lightning rod (4/4)
   (You found it in a bailey)


   Skills:
 - Level 10.0 Fighting
 - Level 4.0 Short Blades
 - Level 1.5 Throwing
 - Level 10.0 Dodging
 - Level 18.1 Stealth
 - Level 10.0 Spellcasting
 + Level 8.7 Conjurations
 - Level 15.0 Earth Magic


You had 25 spell levels left.
You knew the following spells:

 Your Spells              Type           Power      Damage    Failure   Level
a - Stone Arrow           Conj/Erth      100%       3d13      1%          3
b - Iron Shot             Conj/Erth      57%        9d11      5%          6

Your spell library contained the following spells:

 Spells                   Type           Power      Damage    Failure   Level
 Foxfire                  Conj/Fire      100%       2x1d9     1%          1
 Magic Dart               Conj           100%       1d8       1%          1
 Searing Ray              Conj           100%       2d8       1%          2
 Static Discharge         Conj/Air       76%        3-13/arc  1%          2
 Conjure Flame            Conj/Fire      76%        6-21      2%          3
 Animate Armour           Summ/Erth      100%       N/A       2%          4
 Leda's Liquefaction      Hex/Erth       37%        N/A       2%          4
 Apportation              Tloc           44%        N/A       4%          1
 Flame Wave               Conj/Fire      76%        2d17      7%          4
 Fulminant Prism          Conj/Hex       38%        3d18      7%          4
 Iskenderun's Mystic Bla  Conj/Tloc      76%        2d15      7%          4
 Sticky Flame             Conj/Fire      76%        2d9       7%          4
 Call Canine Familiar     Summ           22%        N/A       12%         3
 Gell's Gravitas          Tloc           22%        N/A       12%         3
 Inner Flame              Hex/Fire       22%        N/A       12%         3
 Ozocubu's Armour         Ice            22%        N/A       12%         3
 Portal Projectile        Hex/Tloc       44%        N/A       12%         3
 Summon Guardian Golem    Hex/Summ       22%        N/A       12%         3
 Tukima's Dance           Hex            22%        N/A       12%         3
 Lightning Bolt           Conj/Air       38%        1d56      17%         5
 Airstrike                Air            11%        2d(2-18)  32%         4
 Dispel Undead            Necr           22%        3d12      32%         4
 Summon Lightning Spire   Summ/Air       22%        N/A       32%         4
 Orb of Destruction       Conj           50%        9d13      61%         7
 Blade Hands              Tmut           11%        N/A       65%         5
 Metabolic Englaciation   Hex/Ice        11%        N/A       65%         5
 Lehudib's Crystal Spear  Conj/Erth      57%        10d13     83%         8
 Simulacrum               Ice/Necr       11%        N/A       99%         6
 Spellforged Servitor     Conj/Summ      38%        N/A       99%         7


Dungeon Overview and Level Annotations

Branches:
Dungeon (15/15) Temple (1/1) D:4 Lair (5/5) D:9 Shoals (0/4) Lair:2 Spider (2/4) Lair:2 Slime (0/5) Lair:5 Orc (2/2) D:9 Elf (0/3) Orc:2 Vaults (0/5) D:13 D:14 Depths (0/4) D:15 Bailey (visited)

Altars:
Ashenzari
Cheibriados
Dithmenos
Fedhas
Gozag
Hepliaklqana
Kikubaaqudgha
Makhleb
Nemelex Xobeh
Okawaru
Qazlal
Ru
Sif Muna
Trog
Uskayaw
Vehumet
Wu Jian
Xom
Yredelemnul
Lugonu

Shops:
D:4 (   D:10 [?   Orc:2 ==!:

Portals:
Abyss: Spider:1

Annotations:
D:5 4 runed translucent doors
D:14 2 transporters, Daunt's ghost, journeyman MeBr
Lair:5 2 transporters, Vig Uhad's ghost, journeyman OpTm


Innate Abilities, Weirdness & Mutations

You do not regenerate when monsters are visible.
You are frail without blood (-20% HP).
You can heal yourself when you bite living creatures.
You are immune to poison.
You have razor-sharp teeth.
You have supernaturally acute eyesight. (SInv)
You are afflicted with vampirism and can become a bat while bloodless.
You are resistant to electric shocks. (rElec)
Your spells are a little harder to cast, but a little more powerful.


Message History

You feel a surge of power!
The stone arrow hits the jumping spider!
The jumping spider is almost dead.
Your shadow mimicks your spell!
The shadow shard hits the jumping spider!!
You kill the jumping spider!
Dithmenos accepts your kill.
You start resting.
HP restored.
Unknown command.
Okay, then.
You begin bloodletting.
You continue bloodletting. x5
You become bloodless.
Unknown command.
A jumping spider comes into view.
A jumping spider is nearby!
A jumping spider is nearby!
Your +2 short sword of protection hums with potential!
a - a +2 short sword of protection (weapon)
A jumping spider is nearby!
Your +2 short sword of protection goes still.
b - a staff of conjuration (weapon)
The jumping spider's many legs skitter faintly.
The jumping spider leaps!
The jumping spider leaps! x2
The jumping spider leaps!
No target in view!
No target in view!
A jumping spider is nearby!
A jumping spider is nearby!
A redback comes into view.
The redback moves out of view.
You feel a surge of power!
The stone arrow hits the jumping spider!!
The jumping spider is severely wounded.
Your shadow mimicks your spell!
The shadow shard hits the jumping spider!!
You kill the jumping spider!
Dithmenos accepts your kill.
You feel a surge of power!
The stone arrow hits the redback!!
The redback is almost dead.
You feel a surge of power!
The stone arrow hits the redback!
You kill the redback!
Dithmenos accepts your kill.
A redback comes into view.
A redback is nearby!
A redback is nearby!
You feel a surge of power!
The stone arrow misses the redback.
You feel a surge of power!
The stone arrow hits the redback!
The redback is heavily wounded.
The redback completely misses you.
You feel a surge of power!
The stone arrow hits the redback!
You kill the redback!
Dithmenos accepts your kill.
Your shadow mimicks your spell!
Key pressed, stopping explore.
Magic restored.
You see here a redback corpse.
Found a ring mail.
A sourceless malevolence fills the Spider Nest... and a teleportation trap spontaneously manifests!
You are yanked towards some nearby monsters!
Your surroundings suddenly seem different.
A radroach, a wolf spider and a jumping spider come into view.
Found 7 stones.
There are monsters nearby!
There are monsters nearby!
Your +2 short sword of protection hums with potential!
a - a +2 short sword of protection (weapon)
A tarantella comes into view.
The helpless wolf spider fails to defend itself.
You spit the wolf spider like a pig!!!!
Your weapon exudes an aura of protection.
You kill the wolf spider!
Dithmenos accepts your kill.
Press: ? - help, v - describe, . - travel
Here: a radroach (asleep, umbra)
The floor.
A redback comes into view.
Found 16 gold pieces.
A wolf spider comes into view.
The helpless radroach fails to defend itself.
You perforate the radroach like a sieve!!!
Your weapon exudes an aura of protection.
The wolf spider's many legs skitter.
You bite the radroach, but do no damage.
The radroach is almost dead.
You hear a faint skittering sound. x2
A redback comes into view.
A jumping spider comes into view.
The radroach erupts in a fountain of uncontrolled magic!
You are blasted with magical radiation!
You are very lightly contaminated with residual magic.
Your +2 short sword of protection goes still.
b - a staff of conjuration (weapon)
Casting: Stone Arrow (safe; 1% risk of failure)
Confirm with . or Enter, or press ? or * to list all spells.
Aiming: Stone Arrow (safe; 1% risk of failure)
Press: ? - help, Shift-Dir - straight line, f - radroach
Aim: a radroach (almost dead, umbra, 92% to hit)
You feel a surge of power!
The stone arrow hits the radroach!!
You kill the radroach!
Dithmenos accepts your kill.
Your shadow mimicks your spell!
You hear a faint skittering sound.
You feel a surge of power!
The stone arrow hits the tarantella!!
The tarantella is severely wounded.
You feel a surge of power!
The stone arrow misses the wolf spider.
Your shadow mimicks your spell!
The shadow shard hits the wolf spider!!
You feel a surge of power!
The stone arrow hits the wolf spider!!
The wolf spider is almost dead.
Your shadow mimicks your spell!
The shadow shard hits the wolf spider!!
You kill the wolf spider!
Dithmenos accepts your kill. The jumping spider pounces on you!
You are caught in a web!
The jumping spider barely misses you. The tarantella touches you.
Casting: Stone Arrow (safe; 1% risk of failure)
Confirm with . or Enter, or press ? or * to list all spells.
Aiming: Stone Arrow (safe; 1% risk of failure)
Press: ? - help, Shift-Dir - straight line, f - tarantella
Aim: a tarantella (heavily wounded, umbra, 66% to hit)
You feel a surge of power!
The stone arrow misses the tarantella.
Your shadow mimicks your spell!
The shadow shard hits the tarantella!
You kill the tarantella!
Dithmenos accepts your kill.
The jumping spider leaps!
The web tears apart.
The redback bites you.
Casting: Stone Arrow (safe; 1% risk of failure)
Confirm with . or Enter, or press ? or * to list all spells.
Aiming: Stone Arrow (safe; 1% risk of failure)
Press: ? - help, Shift-Dir - straight line, f - redback
Aim: a redback (sparse dust, umbra, 72% to hit)
You feel a surge of power!
The stone arrow hits the redback!!
The redback is almost dead.
Your shadow mimicks your spell!
The shadow shard hits the redback!!
You kill the redback!
Dithmenos accepts your kill.
The jumping spider leaps!
Casting: Stone Arrow (safe; 1% risk of failure)
Confirm with . or Enter, or press ? or * to list all spells.
Aiming: Stone Arrow (safe; 1% risk of failure)
Press: ? - help, Shift-Dir - straight line, f - redback
Aim: a redback (umbra, 72% to hit)
You feel a surge of power!
The stone arrow hits the redback!
The redback is heavily wounded.
Your shadow mimicks your spell!
The shadow shard hits the redback!
The redback completely misses you.
Your +2 short sword of protection hums with potential!
a - a +2 short sword of protection (weapon)
The jumping spider pounces on you. The jumping spider closely misses you.
You are too injured to fight recklessly!
You are too injured to fight recklessly!
You are too injured to fight recklessly!
You are too injured to fight recklessly!
You hit the redback but do no damage.
Your weapon exudes an aura of protection.
The redback is almost dead.
Your shadow hits the redback with a short sword.
You kill the redback!
Dithmenos accepts your kill.
The jumping spider leaps!
The jumping spider barely misses you. x2
The jumping spider leaps!
The jumping spider closely misses you.
The jumping spider bites you but does no damage.
You hit the jumping spider but do no damage.
The jumping spider closely misses you.
The jumping spider bites you but does no damage.
You are too injured to fight recklessly!
You are too injured to fight recklessly!
You are too injured to fight recklessly!
You are too injured to fight recklessly!
You are too injured to fight recklessly!
You are too injured to fight recklessly!
You are too injured to fight recklessly!
You are too injured to fight recklessly!
You are too injured to fight recklessly!
You are too injured to fight recklessly!
You are too injured to fight recklessly!
You closely miss the jumping spider.
You bite the jumping spider, but do no damage.
Your shadow misses the jumping spider.
The jumping spider pounces on you but does no damage.
The jumping spider closely misses you.
You barely miss the jumping spider.
Your shadow hits the jumping spider but does no damage.
The jumping spider leaps!
You hit the jumping spider but do no damage.
Your punch misses the jumping spider.
Your shadow hits the jumping spider with a short sword.
The jumping spider completely misses you.
The jumping spider barely misses you.
You barely miss the jumping spider. Your bite misses the jumping spider.
The jumping spider is lightly wounded.
The jumping spider closely misses you. The jumping spider misses you.
You closely miss the jumping spider.
You bite the jumping spider, but do no damage.
The jumping spider is lightly wounded.
Your shadow barely misses the jumping spider.
The jumping spider barely misses you.
The jumping spider bites you but does no damage.
The jumping spider pounces on you but does no damage.
The jumping spider closely misses you.
You barely miss the jumping spider.
The jumping spider is lightly wounded.
The jumping spider pounces on you. The jumping spider closely misses you.
You hit the jumping spider but do no damage.
The jumping spider is lightly wounded.
Your shadow hits the jumping spider but does no damage.
The jumping spider leaps!
The jumping spider leaps!
Casting: Stone Arrow (safe; 1% risk of failure)
Confirm with . or Enter, or press ? or * to list all spells.
Aiming: Stone Arrow (safe; 1% risk of failure)
Press: ? - help, Shift-Dir - straight line, f - jumping spider
Aim: a jumping spider (umbra, 72% to hit)
The stone arrow misses the jumping spider.
You hit the jumping spider but do no damage.
You bite the jumping spider, but do no damage.
The jumping spider completely misses you.
The jumping spider bites you.
The jumping spider leaps!
Casting: Stone Arrow (safe; 1% risk of failure)
Confirm with . or Enter, or press ? or * to list all spells.
Aiming: Stone Arrow (safe; 1% risk of failure)
Press: ? - help, Shift-Dir - straight line, f/p - jumping spider
Aim: a jumping spider (umbra, 72% to hit)
The stone arrow misses the jumping spider.
* * * LOW MAGIC WARNING * * *
The jumping spider barely misses you. x2
You miss the jumping spider.
The jumping spider completely misses you.
The jumping spider bites you but does no damage.
The jumping spider pounces on you but does no damage.
The jumping spider bites you but does no damage.
The jumping spider barely misses you.
The jumping spider bites you but does no damage.
The jumping spider pounces on you but does no damage.
The jumping spider bites you but does no damage.
You miss the jumping spider.
You bite the jumping spider, but do no damage.
The jumping spider leaps!
The jumping spider pounces on you.
You are caught in a web!
The jumping spider bites you.
* * * LOW HITPOINT WARNING * * *
Casting: Stone Arrow (safe; 1% risk of failure)
Confirm with . or Enter, or press ? or * to list all spells.
Aiming: Stone Arrow (safe; 1% risk of failure)
Press: ? - help, Shift-Dir - straight line, f - jumping spider
Aim: a jumping spider (umbra, 72% to hit)
The stone arrow hits the jumping spider!
The jumping spider is moderately wounded.
Your shadow mimicks your spell!
The shadow shard hits the jumping spider!!
You kill the jumping spider!
Dithmenos accepts your kill.
* * * LOW MAGIC WARNING * * *
You struggle to detach yourself from the web.
You struggle to detach yourself from the web.
You struggle to detach yourself from the web.
The web tears apart.
The jumping spider closely misses you.
The jumping spider bites you but does no damage.
Casting: Stone Arrow (safe; 1% risk of failure)
Confirm with . or Enter, or press ? or * to list all spells.
Aiming: Stone Arrow (safe; 1% risk of failure)
Press: ? - help, Shift-Dir - straight line, f - jumping spider
Aim: a jumping spider (umbra, 72% to hit)
The stone arrow hits the jumping spider!!
The jumping spider is almost dead.
Your shadow mimicks your spell!
The shadow shard hits the jumping spider!!
You kill the jumping spider!
Dithmenos accepts your kill.
* * * LOW MAGIC WARNING * * *
You start resting.
Your magical contamination has completely faded away.
You start resting.
HP restored.
You start resting.
Magic restored.
Your +2 short sword of protection goes still.
b - a staff of conjuration (weapon)
You see here a jumping spider corpse.
Found an escape hatch in the floor.
You see here a tarantella corpse.
Found 5 large rocks.
You now have 2674 gold pieces (gained 19).
You now have 2690 gold pieces (gained 16).
There is an escape hatch in the floor here.
You see here a tarantella corpse.
You see here a jumping spider corpse.
You see here a jumping spider corpse.
Found a stone staircase leading down.
M - 2 green potions (gained 1)
Found a stone staircase leading down.
You now have 2705 gold pieces (gained 15).
Your pack is full.
You see here a scroll of identify.
Okay, then.
You start putting on your armour.
You continue putting on the +0 helmet of Articulation {Fly Slay+3}. x4
You finish putting on the +0 helmet of Articulation {Fly Slay+3}.
You feel rather light.
You start removing your amulet.
You continue taking off the amulet "Adynilit" {Fly rF+ Regen+ Str-5}. x4
You finish taking off the amulet "Adynilit" {Fly rF+ Regen+ Str-5}.
You start putting on your amulet.
You continue putting on the amulet "Huleh" {Acrobat Will+ Int+6}. x5
You finish putting on the amulet "Huleh" {Acrobat Will+ Int+6}.
You feel ready to tumble and roll out of harm's way.
You feel clever.
w - the amulet "Huleh" (around neck) {Acrobat Will+ Int+6}
Found 15 gold pieces.
A demonic crawler is nearby!
Your pack is full.
You see here a scroll of identify.
As you read the scroll of identify, it crumbles to dust.
Y - 3 scrolls of poison A demonic crawler is nearby!
No target in view!
A demonic crawler is nearby!
The demonic crawler gives a hideous shriek!
You feel a surge of power!
The stone arrow hits the demonic crawler!
The demonic crawler is lightly wounded.
A redback comes into view.
You feel a surge of power!
The stone arrow hits the demonic crawler!!
The demonic crawler is severely wounded.
Your shadow mimicks your spell!
The shadow shard hits the demonic crawler!
You feel a surge of power!
The stone arrow hits the demonic crawler!!
You kill the demonic crawler!
Dithmenos accepts your kill.
Your shadow mimicks your spell!
You feel a surge of power!
The stone arrow hits the redback!!
You kill the redback!
Dithmenos accepts your kill.
You now have 2720 gold pieces (gained 15).
You now have 2738 gold pieces (gained 18).
Found a helmet.
Your pack is full.
You see here a scroll labelled VEPI KORISI.
Your pack is full.
You see here a scroll labelled VEPI KORISI.
Could not pick up a scroll labelled VEPI KORISI here; ([A]lways) ignore it?
Okay, then.
You drop a wand of flame (14).
You drop a wand of mindburst (16).
You drop a wand of paralysis (9).
You drop a wand of polymorph (6).
Okay, then.
Unknown command.
g - a scroll labelled VEPI KORISI
Found a scimitar.
s - 6 potions of curing (gained 1)
k - 4 scrolls of blinking (gained 1)
You see here a +0 helmet.
A redback comes into view.
A redback is nearby!
A redback is nearby!
A redback is nearby!
An orb spider comes into view.
The orb spider moves out of view.
No target in view!
The orb spider's many legs skitter faintly.
You hear a faint skittering sound.
A jumping spider comes into view. x2
The jumping spider's many legs skitter faintly.
You hear a faint skittering sound.
The jumping spider leaps!
A jumping spider comes into view.
The jumping spider leaps!
You see here a +0 scimitar.
You feel a surge of power!
The stone arrow hits the jumping spider!
The jumping spider is heavily wounded.
Your shadow mimicks your spell!
The shadow shard hits the jumping spider!!
You kill the jumping spider!
Dithmenos accepts your kill.
The jumping spider leaps!
You feel a surge of power!
The stone arrow hits the orb spider!!
The orb spider is heavily wounded.
The jumping spider's many legs skitter faintly.
You feel a surge of power!
The stone arrow hits the orb spider!!
You kill the orb spider!
Dithmenos accepts your kill.
You feel a surge of power!
The stone arrow hits the redback!!
The redback is severely wounded.
The jumping spider leaps!
The redback completely misses you.
The jumping spider leaps!
You feel a surge of power!
The stone arrow hits the redback!!
You kill the redback!
Dithmenos accepts your kill. The jumping spider pounces on you.
The jumping spider closely misses you. The jumping spider barely misses you.
The jumping spider completely misses you.
Your Conjurations skill increases to level 8!
You feel a surge of power!
The stone arrow hits the jumping spider!
The jumping spider is heavily wounded.
Your shadow mimicks your spell!
The shadow shard hits the jumping spider!!
You kill the jumping spider!
Dithmenos accepts your kill.
The jumping spider leaps!
You can't see any susceptible monsters within range! (Use Z to cast anyway.)
A jumping spider is nearby!
A jumping spider is nearby!
A jumping spider is nearby!
You feel a surge of power!
The stone arrow misses the jumping spider.
Your shadow mimicks your spell!
The shadow shard hits the jumping spider!
You feel a surge of power!
The stone arrow hits the jumping spider!!
You kill the jumping spider!
Dithmenos accepts your kill.
Key pressed, stopping explore.
Found a stone staircase leading down.
A jorogumo comes into view.
A redback comes into view.
Press: ? - help, v - describe, . - travel
Here: a jorogumo (asleep, umbra)
A web.
Press: ? - help, v - describe, . - travel
Here: a jorogumo (asleep, umbra)
A web.
Unknown command.
Your +2 short sword of protection hums with potential!
a - a +2 short sword of protection (weapon)
A jumping spider comes into view.
The helpless jorogumo fails to defend itself.
You bite the jorogumo, and draw its blood!
You spit the jorogumo like a pig!!!
Your weapon exudes an aura of protection.
The jumping spider's many legs skitter faintly.
You bite the jorogumo.
The jorogumo is severely wounded.
Your shadow barely misses the jorogumo.
The jorogumo casts a spell at you.
The stream of webbing is repelled.
Your +2 short sword of protection goes still.
b - a staff of conjuration (weapon)
The jorogumo closely misses you.
Casting: Stone Arrow (safe; 1% risk of failure)
Confirm with . or Enter, or press ? or * to list all spells.
Aiming: Stone Arrow (safe; 1% risk of failure)
Press: ? - help, Shift-Dir - straight line, f - jorogumo
Aim: a jorogumo (severely wounded, umbra, 66% to hit)
You feel a surge of power!
The stone arrow hits the jorogumo!!
The jorogumo is almost dead.
Your shadow mimicks your spell!
The shadow shard hits the jorogumo!!
You kill the jorogumo!
Dithmenos accepts your kill. The redback bites you.
You feel a surge of power!
The stone arrow hits the redback!!
The redback is severely wounded.
Your shadow mimicks your spell!
The shadow shard hits the redback!!
You kill the redback!
Dithmenos accepts your kill. The jumping spider misses you.
The jumping spider completely misses you.
You feel a surge of power!
The stone arrow hits the jumping spider!
The jumping spider is moderately wounded.
The jumping spider misses you.
The jumping spider bites you but does no damage.
You feel a surge of power!
The stone arrow hits the jumping spider!!
The jumping spider is almost dead.
Your shadow mimicks your spell!
The shadow shard hits the jumping spider!
You kill the jumping spider!
Dithmenos accepts your kill.
You see here a jumping spider corpse.
A wolf spider comes into view.
The wolf spider moves out of view.
A radroach comes into view.
Found a wand of flame (4) and 17 gold pieces.
The radroach moves out of view.
A wolf spider is nearby!
You feel a surge of power!
The stone arrow hits the wolf spider!
The wolf spider is moderately wounded.
The wolf spider's many legs skitter.
Your shadow mimicks your spell!
The shadow shard hits the wolf spider!!
A steelbarb worm comes into view.
A redback comes into view. x2
The redback moves out of view.
You feel a surge of power!
The stone arrow hits the wolf spider!!
You kill the wolf spider!
Dithmenos accepts your kill.
Press: ? - help, v - describe, . - travel
Here: a steelbarb worm (umbra)
The floor.
Your target is gone.
You feel a surge of power!
The stone arrow hits the steelbarb worm!
The steelbarb worm is moderately wounded.
Your shadow mimicks your spell!
The shadow shard hits the steelbarb worm!
A redback comes into view.
You feel a surge of power!
The stone arrow hits the steelbarb worm!
The steelbarb worm is heavily wounded.
Your shadow mimicks your spell!
The shadow shard hits the steelbarb worm!!
You feel a surge of power!
The stone arrow hits the steelbarb worm!
The steelbarb worm is almost dead.
Your shadow mimicks your spell!
The shadow shard hits the steelbarb worm.
You kill the steelbarb worm!
Dithmenos accepts your kill.
A culicivora comes into view.
You feel a surge of power!
The stone arrow hits the redback!
The redback is severely wounded.
The culicivora's many legs skitter faintly.
The redback barely misses you. The redback completely misses you.
You feel a surge of power!
The stone arrow hits the redback!!
You kill the redback!
Dithmenos accepts your kill. The redback closely misses you.
You feel a surge of power!
The stone arrow hits the redback!
The redback is heavily wounded.
Your shadow mimicks your spell!
The shadow shard hits the redback!
You kill the redback!
Dithmenos accepts your kill.
* * * LOW MAGIC WARNING * * *
You feel a surge of power!
The stone arrow hits the culicivora!
The culicivora is lightly wounded.
Your shadow mimicks your spell!
The shadow shard hits the culicivora!
* * * LOW MAGIC WARNING * * *
Your +2 short sword of protection hums with potential!
a - a +2 short sword of protection (weapon)
The culicivora bites you.
You barely miss the culicivora.
The culicivora is heavily wounded.
Your shadow hits the culicivora with a short sword.
The culicivora bites you.
You hit the culicivora.
Your weapon exudes an aura of protection.
The culicivora is heavily wounded.
Your shadow hits the culicivora with a short sword.
The culicivora bites you!
You hit the culicivora but do no damage.
Your bite misses the culicivora.
The culicivora is severely wounded.
Your shadow hits the culicivora but does no damage.
The culicivora bites you but does no damage. x2
You barely miss the culicivora. You bite the culicivora.
The culicivora is severely wounded.
Your shadow closely misses the culicivora.
The culicivora bites you!
You are too injured to fight recklessly!
You are too injured to fight recklessly!
Casting: Stone Arrow (safe; 1% risk of failure)
Confirm with . or Enter, or press ? or * to list all spells.
Aiming: Stone Arrow (safe; 1% risk of failure)
Press: ? - help, Shift-Dir - straight line, f/p - culicivora
Aim: a culicivora (severely wounded, umbra, 61% to hit)
The stone arrow misses the culicivora.
* * * LOW MAGIC WARNING * * *
The culicivora barely misses you.
The culicivora bites you but does no damage.
Casting: Stone Arrow (safe; 1% risk of failure)
Confirm with . or Enter, or press ? or * to list all spells.
You don't have enough magic to cast this spell.
Unknown command.
Aiming: Bolt of Light
Press: ? - help, Shift-Dir - straight line, f/p - culicivora
Aim: a culicivora (severely wounded, umbra, 50% to hit)
The bolt of light hits the culicivora!
The culicivora is almost dead.
The culicivora is blinded.
You see here a redback corpse.
You see here a jumping spider corpse.
You start resting.
HP restored.
You start resting.
A redback is nearby!
A redback is nearby!
Your +2 short sword of protection goes still.
b - a staff of conjuration (weapon)
No target in view!
A culicivora is nearby!
A culicivora is nearby!
A culicivora is nearby!
You can't see any susceptible monsters within range! (Use Z to cast anyway.) No target in view!
A culicivora is nearby!
A culicivora is nearby!
A culicivora is nearby!
No target in view!
A culicivora is nearby!
A culicivora is nearby!
No target in view!
No target in view!
A redback is nearby!
The redback bites you!
You see here a jumping spider corpse.
There are monsters nearby!
You hit the redback but do no damage. The redback misses you.
The redback barely misses you.
You feel a surge of power!
The stone arrow hits the redback!
The redback is severely wounded.
The redback bites you.
The redback is healed somewhat.
You feel a surge of power!
The stone arrow hits the redback!!
You kill the redback!
Dithmenos accepts your kill.
You feel a surge of power!
The stone arrow hits the culicivora!!
The culicivora is almost dead.
The culicivora barely misses you. The culicivora misses you.
You feel a surge of power!
The stone arrow hits the culicivora!
You kill the culicivora!
Dithmenos accepts your kill.
HP restored.
Magic restored.
You see here a redback corpse.
A jumping spider comes into view.
A jumping spider is nearby!
A jumping spider is nearby!
A jumping spider is nearby!
You feel a surge of power!
The stone arrow misses the jumping spider.
The jumping spider pounces on you!
You are caught in a web!
The jumping spider bites you.
You are caught in a web!
You are caught in a web!
You are caught in a web!
You are caught in a web!
Casting: Stone Arrow (safe; 1% risk of failure)
Confirm with . or Enter, or press ? or * to list all spells.
Aiming: Stone Arrow (safe; 1% risk of failure)
Press: ? - help, Shift-Dir - straight line, f/p - jumping spider
Aim: a jumping spider (umbra, 72% to hit)
You feel a surge of power!
The stone arrow hits the jumping spider!!
You kill the jumping spider!
Dithmenos accepts your kill.
The web tears apart.
You see here a wand of flame (4).
You now have 2755 gold pieces (gained 17).
You now have 2786 gold pieces (gained 31).
X - 3 scrolls of fear (gained 1)
A radroach and a meliai come into view.
There are monsters nearby!
There are monsters nearby!
Unknown command.
Unknown command.
Unknown command.
Unknown command.
Unknown command.
Unknown command.
Unknown command.
Unknown command.
Unknown command.
Unknown command.
You start waiting.
A radroach is nearby!
You feel a surge of power!
The stone arrow hits the radroach!
The radroach is lightly wounded.
The radroach bites you. The radroach closely misses you.
You feel a surge of power!
The stone arrow hits the radroach!
The radroach is moderately wounded.
The radroach erupts in a fountain of uncontrolled magic!
You are blasted with magical radiation!
You are very lightly contaminated with residual magic.
You feel a surge of power!
The stone arrow hits the radroach but does no damage.
The radroach is moderately wounded.
The radroach misses you.
The radroach claws you but does no damage.
You feel a surge of power!
The stone arrow misses the radroach.
The radroach erupts in a fountain of uncontrolled magic!
You are blasted with magical radiation!!
* * * LOW HITPOINT WARNING * * *
You are lightly contaminated with residual magic.
You are too injured to fight recklessly!
As you read the scroll of teleportation, it crumbles to dust.
You feel strangely unstable. The radroach barely misses you.
The radroach claws you.
* * * LOW HITPOINT WARNING * * *
Casting: Stone Arrow (safe; 1% risk of failure)
Confirm with . or Enter, or press ? or * to list all spells.
Aiming: Stone Arrow (safe; 1% risk of failure)
Press: ? - help, Shift-Dir - straight line, f/p - radroach
Aim: a radroach (lightly wounded, umbra, 92% to hit)
You feel a surge of power!
The stone arrow hits the radroach!!
The radroach is heavily wounded.
The radroach bites you.
* * * LOW HITPOINT WARNING * * *
The radroach claws you!
* * * LOW HITPOINT WARNING * * *
Casting: Stone Arrow (safe; 1% risk of failure)
Confirm with . or Enter, or press ? or * to list all spells.
Aiming: Stone Arrow (safe; 1% risk of failure)
Press: ? - help, Shift-Dir - straight line, f/p - radroach
Aim: a radroach (heavily wounded, umbra, 92% to hit)
You feel a surge of power!
The stone arrow hits the radroach!
The radroach is heavily wounded.
Your shadow mimicks your spell!
The shadow shard hits the radroach!!
The radroach erupts in a fountain of uncontrolled magic!
You are blasted with magical radiation!!
* * * LOW HITPOINT WARNING * * *
You are contaminated with residual magic.
Casting: Stone Arrow (safe; 1% risk of failure)
Confirm with . or Enter, or press ? or * to list all spells.
Aiming: Stone Arrow (safe; 1% risk of failure)
Press: ? - help, Shift-Dir - straight line, f/p - radroach
Aim: a radroach (almost dead, umbra, 92% to hit)
You feel a surge of power!
The stone arrow hits the radroach!!
You kill the radroach!
Dithmenos accepts your kill.
Your surroundings suddenly seem different.
You start resting.
Your body shudders with the violent release of wild energies!
You feel the urge to shout.
You start resting.
You feel less contaminated with magical energies.
You start resting.
Your magical contamination has completely faded away.
You start resting.
HP restored.
Okay, then.
Really quaff the potion of mutation?
You feel extremely strange.
Your urge to shout disappears.
You feel insulated.
You feel less in control of your magic.
Magic restored.
A redback comes into view.
Your +2 short sword of protection hums with potential!
a - a +2 short sword of protection (weapon)
The helpless redback fails to defend itself.
You stick the redback like a pincushion!!!
Your weapon exudes an aura of protection.
You kill the redback!
Dithmenos accepts your kill.
Your +2 short sword of protection goes still.
b - a staff of conjuration (weapon)
A meliai comes into view. It is wielding a +0 hand axe.
A meliai is nearby!
A meliai is nearby!
A demonic crawler comes into view.
Found a club.
Your +2 short sword of protection hums with potential!
a - a +2 short sword of protection (weapon)
You see here a +0 club.
The helpless demonic crawler fails to defend itself.
You perforate the demonic crawler like a sieve!!!
Your weapon exudes an aura of protection.
The demonic crawler is severely wounded.
Your shadow hits the demonic crawler but does no damage.
The demonic crawler completely misses you.
The demonic crawler closely misses you.
The demonic crawler completely misses you.
You see here a +0 club.
The demonic crawler completely misses you. x3
The demonic crawler attacks as you move away!
The demonic crawler hits you but does no damage.
The demonic crawler barely misses you.
The demonic crawler completely misses you.
The demonic crawler completely misses you.
The demonic crawler misses you. x2
Your +2 short sword of protection goes still.
b - a staff of conjuration (weapon)
The demonic crawler completely misses you. x2
The demonic crawler barely misses you.
Okay, then.
You feel a surge of power!
The stone arrow hits the demonic crawler!!
The demonic crawler is almost dead.
The demonic crawler shrieks in warning!
You hear an angry buzzing noise. x3
You feel a surge of power!
The stone arrow misses the demonic crawler.
Your shadow mimicks your spell!
The shadow shard misses the demonic crawler.
The demonic crawler hits you but does no damage.
The demonic crawler misses you. The demonic crawler hits you.
You feel a surge of power!
The stone arrow hits the demonic crawler.
You kill the demonic crawler!
Dithmenos accepts your kill.
You start resting.
HP restored.
Magic restored.
You see here a demonic crawler corpse.
You see here a +0 club.
The meliai buzzes angrily.
You can't see any susceptible monsters within range! (Use Z to cast anyway.)
You start waiting.
The meliai mumbles some strange prayers to its god against you.
Something smites you!
You hear an angry buzzing noise.
You feel a surge of power!
The stone arrow misses the meliai.
The meliai invokes the aid of its god against you.
Something smites you!
You feel a surge of power!
The stone arrow misses the meliai.
The meliai completely misses you. The meliai closely misses you.
The meliai barely misses you. The meliai completely misses you.
The meliai hits you with a +0 hand axe! The meliai barely misses you.
The meliai closely misses you. The meliai stings you!
As you read the scroll of teleportation, it crumbles to dust.
You feel strangely unstable. The meliai hits you but does no damage.
The meliai stings you. The meliai hits you with a +0 hand axe!
* * * LOW HITPOINT WARNING * * *
The meliai stings you but does no damage.
The meliai hits you with a +0 hand axe!
* * * LOW HITPOINT WARNING * * *
The meliai stings you but does no damage.
The meliai hits you but does no damage. The meliai barely misses you.
A meliai comes into view. It is wielding a +0 hand axe.
You feel much better. The meliai hits you but does no damage.
The meliai stings you but does no damage.
The meliai barely misses you. The meliai closely misses you.
The meliai misses you.
The meliai stings you but does no damage.
The meliai misses you. The meliai closely misses you.
You feel a surge of power!
The stone arrow misses the meliai.
You hear an angry buzzing noise.
The meliai closely misses you. The meliai stings you.
The meliai closely misses you. The meliai misses you.
The meliai hits you with a +0 hand axe. The meliai closely misses you.
The meliai hits you but does no damage. The meliai misses you.
You are too injured to fight recklessly!
You are too injured to fight recklessly!
Casting: Stone Arrow (safe; 1% risk of failure)
Confirm with . or Enter, or press ? or * to list all spells.
Aiming: Stone Arrow (safe; 1% risk of failure)
Press: ? - help, Shift-Dir - straight line, f/p - meliai
Aim: a meliai, wielding a +0 hand axe and wearing a +0 robe (umbra, 66% to hit)
You feel a surge of power!
The stone arrow hits the meliai!
The meliai is severely wounded.
The meliai misses you. The meliai barely misses you.
The meliai hits you but does no damage. The meliai barely misses you.
The meliai hits you with a +0 hand axe.
The meliai stings you but does no damage.
The meliai completely misses you. The meliai barely misses you.
Casting: Stone Arrow (safe; 1% risk of failure)
Confirm with . or Enter, or press ? or * to list all spells.
Aiming: Stone Arrow (safe; 1% risk of failure)
Press: ? - help, Shift-Dir - straight line, f/p - meliai
Aim: a meliai, wielding a +0 hand axe and wearing a +0 robe (severely wounded, umbra, 66% to hit)
You feel a surge of power!
The stone arrow hits the meliai!
You kill the meliai!
Dithmenos accepts your kill.
Your surroundings suddenly seem different.
You start resting.
HP restored.
You start resting.
Magic restored.
You see here a demonic crawler corpse.
Things that are here:
a +0 hand axe; a +0 robe; a meliai corpse You see here a wand of flame (4).
There are monsters nearby!
You start waiting.
A meliai is nearby!
A meliai is nearby!
You feel a surge of power!
The stone arrow hits the meliai!!
The meliai is severely wounded.
The meliai buzzes angrily.
The meliai calls down the wrath of its god upon you.
Something smites you!
You hear an angry buzzing noise.
You feel a surge of power!
The stone arrow hits the meliai!!
You kill the meliai!
Dithmenos accepts your kill.
HP restored.
Magic restored.
Things that are here:
a +0 hand axe; a +0 robe; a meliai corpse A meliai is nearby!
You feel a surge of power!
The stone arrow misses the meliai.
The meliai buzzes angrily.
The meliai mumbles some strange prayers to its god against you.
Something smites you!
You feel a surge of power!
The stone arrow misses the meliai.
Your shadow mimicks your spell!
The shadow shard hits the meliai!
The meliai barely misses you. x2
You feel a surge of power!
The stone arrow hits the meliai!!
You kill the meliai!
Dithmenos accepts your kill.
Your shadow mimicks your spell!
You see here a +0 scimitar.
You see here 7 stones.
You see here 7 stones.
Key pressed, stopping explore.
You see here a +0 helmet.
Things that are here:
a +0 hand axe; a +0 leather armour; a meliai corpse You see here a wand of flame (4).
Things that are here:
a +0 hand axe; a +0 robe Key pressed, stopping explore.
A moth of wrath comes into view.
Found 18 gold pieces.
You feel a surge of power!
The stone arrow hits the moth of wrath!
The moth of wrath is moderately wounded.
You feel a surge of power!
The stone arrow hits the moth of wrath!!
The moth of wrath is severely wounded.
Your shadow mimicks your spell!
The shadow shard hits the moth of wrath!!
You kill the moth of wrath!
Dithmenos accepts your kill.
You can't see any susceptible monsters within range! (Use Z to cast anyway.)
A lurking horror comes into view.
A lurking horror is nearby!
A lurking horror is nearby!
A lurking horror is nearby!
A lurking horror comes into view.
Found a corrupted altar of Lugonu.
Found a one-way gate to the infinite horrors of the Abyss.
Your +2 short sword of protection hums with potential!
a - a +2 short sword of protection (weapon)
You feel a surge of unholy energy.
The helpless lurking horror fails to defend itself.
You spit the lurking horror like a pig!!!
Your weapon exudes an aura of protection.
You feel a surge of unholy energy.
Your +2 short sword of protection goes still.
b - a staff of conjuration (weapon)
You now have 2804 gold pieces (gained 18).
Found a pair of gloves.
s - 7 potions of curing (gained 1) Done exploring.
Done exploring.
Done exploring.
Done exploring.
Done exploring.
Done exploring.
Done exploring.
(D) Dungeon (T) Temple (L) Lair (A) Shoals (N) Spider Nest (M) Slime Pits (O) Orcish Mines (E) Elven Halls (V) Vaults (U) Depths
Where to? (Enter - Spider:1, ? - help)
Things that are here:
a +0 hand axe; a +0 robe You see here a wand of flame (4).
Things that are here:
a +0 hand axe; a +0 robe
Things that are here:
a +0 hand axe; a +0 leather armour
There is a stone staircase leading down here.
You fly downwards.
The spark wasp buzzes angrily.
You hear a hideous shriek!
There is a stone staircase leading up here.
A spark wasp is nearby!
The spark wasp bursts into living lightning!
The living lightning is repelled.
The spark wasp blinks! x2
You feel a surge of power!
The stone arrow hits the spark wasp but does no damage.
The spark wasp completely misses you. The spark wasp closely misses you.
You feel a surge of power!
The stone arrow misses the spark wasp.
The spark wasp stings you. The spark wasp shocks you. You resist.
You feel a surge of power!
The stone arrow hits the spark wasp but does no damage.
The spark wasp misses you.
A demonic crawler comes into view.
The spark wasp stings you but does no damage.
You feel a surge of power!
The stone arrow hits the spark wasp!!
The spark wasp is moderately wounded.
Your shadow mimicks your spell!
The shadow shard misses the spark wasp.
The demonic crawler gives a hideous shriek!
The spark wasp stings you! The spark wasp shocks you. You resist.
You feel a surge of power!
The stone arrow hits the spark wasp!
The spark wasp is heavily wounded.
The spark wasp closely misses you. The spark wasp stings you!
The spark wasp shocks you. You resist.
A culicivora comes into view.
The spark wasp stings you!!
* * * LOW HITPOINT WARNING * * *
You emit a cloud of dark smoke.
The spark wasp shocks you. You resist.
* * * LOW HITPOINT WARNING * * *
You fly upwards.
There is a stone staircase leading down here.
Unknown command.
Aiming: Bolt of Light
Press: ? - help, Shift-Dir - straight line, f - spark wasp
Aim: a spark wasp (heavily wounded, umbra, 57% to hit)
The bolt of light misses the spark wasp.
The spark wasp barely misses you. The spark wasp stings you!
* * * LOW HITPOINT WARNING * * *
The spark wasp shocks you. You resist.
* * * LOW HITPOINT WARNING * * *
You feel much better.
The spark wasp stings you but does no damage.
You feel much better. The spark wasp stings you!!
* * * LOW HITPOINT WARNING * * *
You emit a cloud of dark smoke.
The spark wasp shocks you. You resist.
* * * LOW HITPOINT WARNING * * *
The spark wasp stings you!!
You die...

.†....#..##.#...##
#..#....#####)...#
#.##(...>.##...^##
#######..####....# #.....##
#...## #......####...#
##...####...#### ##..####...#§.#
#.....#...§@.## ###...#..#§§y.##
#..###.^###...# ### ##^##..##
#..########
#.#########...######.#....#
..#.##.####.....#.........###
..#....#.#.^#..##...........##
.......#....####......#..#...##
#.^..).)...######....#.#^#.#..##


You could see a spark wasp.

Vanquished Creatures
  A dire elephant (D:15)
  Nessos (Lair:5)
  Josephine (D:12)
  3 boulder beetles
  8 hydras
  A jorogumo (Spider:1)
  2 catoblepae
  4 two-headed ogres
  2 radroaches (Spider:1)
  3 centaur warriors
  A death yak (Lair:2)
  3 orc high priests (Orc:2)
  5 skeletal warriors (D:15)
  Amaemon (D:9)
  Lodul (D:14)
  An orb spider (Spider:1)
  A steelbarb worm (Spider:1)
  5 orc knights
  3 lindwurms
  5 deep elf pyromancers
  5 wolf spiders
  A moth of wrath (Spider:1)
  7 manticores
  4 orc sorcerers (Orc:2)
  5 cyclopes
  Maurice (Orc:1)
  6 ugly things (D:14)
  10 elephants
  Joseph (D:9)
  8 black mambas
  A centaur zombie (D:15)
  6 torpor snails
  7 cane toads
  An orange demon (D:9)
  2 kobold demonologists
  9 komodo dragons
  An unseen horror (D:10)
  A yaktaur (D:14)
  2 demonic crawlers (Spider:1)
  A tengu conjurer (D:15)
  6 rime drakes
  3 meliai (Spider:1)
  5 trolls
  A polar bear (Lair:4)
  A hornet (D:9)
  Prince Ribbit (D:9)
  A wind drake (Lair:2)
  A tarantella (Spider:1)
  4 blink frogs (Lair:5)
  A raiju (shapeshifter) (D:15)
  A slime creature (D:12)
  6 dream sheep (Lair:4)
  3 shadows
  10 jumping spiders (Spider:1)
  2 culicivoras (Spider:1)
  6 wyverns
  A spriggan (shapeshifter) (D:13)
  37 yaks
  A hog (shapeshifter) (D:15)
  16 humans
  5 wraiths
  2 basilisks
  13 redbacks (Spider:1)
  11 vampire mosquitoes
  3 wargs
  12 water moccasins
  2 acid dragons
  4 black bears
  An ice beast (D:8)
  17 orc warriors
  A hornet zombie (D:15)
  3 sky beasts (D:7)
  13 ogres
  11 centaurs
  7 wolves
  4 phantoms
  11 kobold brigands
  12 bullfrogs
  4 gnoll sergeants
  A necrophage (D:5)
  3 scorpions
  4 wights
  2 electric eels
  2 howler monkeys (D:5)
  6 hounds
  3 jellies
  11 orc priests
  3 gnoll boudas
  7 iguanas
  Terence (D:2)
  11 orc wizards
  10 hell rats (Lair:1)
  5 adders
  35 gnolls
  A shadow imp (D:5)
  A white imp (D:5)
  4 worms
  5 dart slugs
  47 orcs
  7 bats
  6 endoplasms
  4 giant cockroaches
  5 goblins
  12 hobgoblins
  6 jackals
  6 quokkas
  6 ball pythons
  2 frilled lizards
  34 kobolds
  6 rats
  A lurking horror (Spider:1)
631 creatures vanquished.

Vanquished Creatures (others)
  A wizard (D:5)
  An orc priest (Orc:2)
  25 fungi
  A lurking horror (Spider:1)
  65 plants
93 creatures vanquished.

Grand Total: 724 creatures vanquished

Notes
Turn   | Place    | Note
-------+----------+-------------------------------------------
     0 | D:1      | sleeves the Vampire Brigand began the quest for the Orb.
     0 | D:1      | Reached XP level 1. HP: 16/16 MP: 1/1
    57 | D:1      | Reached skill level 6 in Stealth
   129 | D:1      | Reached XP level 2. HP: 18/22 MP: 2/2
   263 | D:1      | HP: 8/17 [goblin/+0 club (1)]
   599 | D:1      | Reached skill level 3 in Short Blades
   840 | D:1      | Gained mutation: You are afflicted with vampirism and can
                  | become a bat while bloodless. [Vampire growth]
   840 | D:1      | Reached XP level 3. HP: 24/24 MP: 3/3
   841 | D:1      | HP: 12/24 [gnoll/+0 flail (12)]
   860 | D:1      | HP: 10/24 [gnoll/+0 flail (6)]
   862 | D:1      | HP: 2/24 [gnoll/+0 flail (8)]
  1141 | D:2      | Learned a level 3 spell: Stone Arrow
  1203 | D:2      | Reached skill level 7 in Stealth
  1329 | D:2      | Noticed Terence
  1357 | D:2      | Killed Terence
  1358 | D:2      | Reached skill level 1 in Spellcasting
  1358 | D:2      | Reached XP level 4. HP: 23/23 MP: 5/5
  1519 | D:2      | Identified the +1 robe "Cuetegg Adde" {Will+++ Int+8 Dex-4}
  1576 | D:2      | Reached skill level 1 in Earth Magic
  1726 | D:2      | Got Jieza's Handbook of Shifting
  1935 | D:3      | HP: 13/26 [worm (6)]
  2014 | D:3      | HP: 10/26 [worm (8)]
  2100 | D:3      | Identified the +0 helmet of Articulation {Fly Slay+3}
  2647 | D:4      | Noticed a phantom
  2648 | D:4      | Found Muoriecu's Antique Weapon Boutique.
  2668 | D:3      | Killed a phantom
  2669 | D:3      | Reached skill level 4 in Short Blades
  2669 | D:3      | Reached skill level 2 in Earth Magic
  2669 | D:3      | Reached XP level 5. HP: 27/30 MP: 6/6
  2762 | D:4      | Reached skill level 8 in Stealth
  3006 | D:4      | Found a staircase to the Ecumenical Temple.
  3065 | Temple   | Entered the Ecumenical Temple
  3268 | Temple   | Became a worshipper of Dithmenos the Shadowed
  3318 | D:4      | Identified the +1 spear of Gallantry {venom, Fly rF++ rC++}
  3396 | D:4      | Reached XP level 6. HP: 21/30 MP: 7/7
  3476 | D:4      | Identified the amulet "Adynilit" {Fly rF+ Regen+ Str-5}
  3678 | D:4      | HP: 15/30 [iguana (6)]
  3682 | D:4      | Reached skill level 3 in Earth Magic
  3811 | D:5      | Entered Level 5 of the Dungeon
  3865 | D:5      | Found a large runed translucent door.
  3865 | D:5      | Found a large runed translucent door.
  3874 | D:5      | Noticed a shadow
  3874 | D:5      | Noticed a shadow
  3938 | D:5      | HP: 15/30 [iguana (11)]
  3964 | D:5      | Reached skill level 9 in Stealth
  3980 | D:5      | Reached skill level 4 in Earth Magic
  4080 | D:5      | Reached XP level 7. HP: 34/34 MP: 8/8
  4098 | D:5      | Reached * piety under Dithmenos
  4231 | D:5      | Reached skill level 10 in Stealth
  4359 | D:5      | Reached skill level 5 in Earth Magic
  4365 | D:5      | Noticed a two-headed ogre
  4491 | D:5      | Identified the +0 ring mail of the Crypt {rC+}
  4603 | D:5      | Found a bloodstained altar of Trog.
  4604 | D:5      | Noticed a wizard
  4610 | D:5      | Killed a wizard
  4697 | D:5      | Reached skill level 11 in Stealth
  4705 | D:5      | Reached XP level 8. HP: 31/44 MP: 9/9
  4734 | D:5      | Found a large runed translucent door.
  4734 | D:5      | Found a large runed translucent door.
  4776 | D:5      | Reached skill level 6 in Earth Magic
  4803 | D:5      | HP: 25/55 [wraith (9)]
  4808 | D:5      | Reached skill level 12 in Stealth
  4999 | D:6      | HP: 20/55 [acid (9)]
  5198 | D:6      | Identified the +2 pair of boots "Cige" {Regen+}
  5315 | D:6      | Reached skill level 7 in Earth Magic
  5335 | D:6      | Reached skill level 13 in Stealth
  5472 | D:6      | HP: 26/55 [gnoll sergeant/+4 spear of venom (3)]
  5477 | D:6      | HP: 16/55 [poisoned by a gnoll sergeant]
  5482 | D:6      | HP: 19/55 [poisoned by a gnoll sergeant]
  5487 | D:5      | HP: 11/55 [poisoned by a gnoll sergeant]
  5492 | D:5      | HP: 16/55 [poisoned by a gnoll sergeant]
  5776 | D:7      | Reached XP level 9. HP: 61/61 MP: 10/10
  5887 | D:7      | Reached ** piety under Dithmenos
  6008 | D:7      | Reached skill level 14 in Stealth
  6008 | D:7      | Reached skill level 8 in Earth Magic
  6146 | D:7      | Found a flagged portal.
  6168 | Bailey   | Entered a bailey
  6393 | Bailey   | Found a bloodstained altar of Trog.
  6420 | Bailey   | Reached skill level 15 in Stealth
  6455 | Bailey   | Reached skill level 9 in Earth Magic
  6486 | Bailey   | HP: 23/61 [orc warrior/+0 broad axe (19)]
  6769 | D:7      | Identified the ring of Lifreack {rC+ rCorr Dex+2}
  6836 | D:7      | Noticed a cyan ugly thing
  6836 | D:7      | Noticed a five-headed hydra
  6855 | D:7      | HP: 26/61 [five-headed hydra (6)]
  6865 | D:7      | Reached *** piety under Dithmenos
  6866 | D:7      | HP: 26/61 [five-headed hydra (7)]
  6881 | D:7      | Killed a five-headed hydra
  6882 | D:7      | Reached skill level 16 in Stealth
  6882 | D:7      | Reached XP level 10. HP: 33/67 MP: 11/11
  7182 | D:8      | Reached skill level 10 in Earth Magic
  7249 | D:8      | Found an opulent altar of Gozag.
  7254 | D:8      | Found an ornate altar of the Wu Jian Council.
  7452 | D:8      | Reached skill level 2 in Fighting
  7972 | D:8      | Found a blossoming altar of Fedhas.
  8077 | D:9      | Reached skill level 2 in Spellcasting
  8170 | D:9      | Noticed Prince Ribbit
  8175 | D:9      | Killed Prince Ribbit
  8176 | D:9      | Reached skill level 3 in Fighting
  8223 | D:9      | Paralysed by a hornet for 2 turns
  8246 | D:9      | Reached skill level 3 in Spellcasting
  8302 | D:9      | Reached **** piety under Dithmenos
  8303 | D:9      | Reached skill level 4 in Fighting
  8416 | D:9      | Found a staircase to the Orcish Mines.
  8565 | D:9      | Found a staircase to the Lair.
  8721 | D:9      | Noticed Amaemon
  8726 | D:9      | Noticed an orange demon
  8727 | D:9      | Killed Amaemon
  8728 | D:9      | Reached skill level 4 in Spellcasting
  8729 | D:9      | Killed an orange demon
  8730 | D:9      | Reached skill level 11 in Earth Magic
  8768 | D:9      | Noticed Joseph
  8775 | D:9      | Killed Joseph
  8833 | D:10     | Entered Level 10 of the Dungeon
  8843 | D:10     | Reached XP level 11. HP: 78/78 MP: 16/18
  8983 | D:9      | Reached skill level 5 in Fighting
  9051 | D:10     | Noticed a two-headed ogre
  9057 | D:10     | Killed a two-headed ogre
  9058 | D:10     | Reached skill level 5 in Spellcasting
  9070 | D:10     | Found Riczur's Antique Armour Emporium.
  9119 | D:10     | HP: 35/75 [centaur/arrow (8)]
  9228 | D:10     | Found Gieteut's Magic Scroll Emporium.
  9769 | D:11     | HP: 39/81 [centaur/arrow (4)]
  9775 | D:11     | HP: 28/81 [centaur/arrow (2)]
  9859 | D:11     | Reached skill level 6 in Fighting
  9996 | D:11     | Reached skill level 6 in Spellcasting
 10013 | D:11     | Found an opulent altar of Gozag.
 10178 | D:11     | Noticed a two-headed ogre
 10180 | D:11     | Killed a two-headed ogre
 10181 | D:11     | Reached skill level 12 in Earth Magic
 10361 | D:11     | Reached ***** piety under Dithmenos
 10486 | D:11     | Noticed a two-headed ogre
 10495 | D:11     | Killed a two-headed ogre
 10726 | D:12     | Noticed a deep elf pyromancer
 10759 | D:12     | Reached skill level 7 in Fighting
 10804 | D:12     | Killed a deep elf pyromancer
 10805 | D:12     | Reached skill level 7 in Spellcasting
 10975 | D:12     | Identified the +9 quarterstaff of Xusepp {drain, +Blink
                  | rPois SInv Stlth-}
 11002 | D:12     | Noticed a sixfirhy
 11026 | D:11     | Reached XP level 12. HP: 91/91 MP: 15/22
 11131 | D:12     | You are sucked into a shaft and drop 2 floors!
 11198 | D:14     | Noticed a centaur warrior
 11218 | D:14     | Killed a centaur warrior
 11292 | D:14     | Noticed a boulder beetle
 11410 | D:14     | HP: 42/92 [boulder beetle (20)]
 11568 | D:14     | Found a transporter.
 11569 | D:14     | Noticed Daunt's ghost (journeyman MeBr)
 11581 | D:14     | Found a transporter.
 11583 | D:14     | Noticed a fire dragon
 11639 | D:14     | Noticed a catoblepas
 11640 | D:14     | Noticed a fire dragon
 11650 | D:14     | Noticed a six-headed hydra
 11711 | D:14     | Found a gate to the Vaults.
 11712 | D:14     | Noticed a two-headed ogre
 11769 | D:14     | Noticed a centaur warrior
 11882 | D:12     | Noticed Josephine
 11900 | D:12     | Reached skill level 8 in Fighting
 11998 | D:12     | Killed Josephine
 11999 | D:12     | Reached skill level 8 in Spellcasting
 11999 | D:12     | Reached skill level 13 in Earth Magic
 12421 | D:13     | Noticed a catoblepas
 12424 | D:13     | Noticed a seven-headed hydra
 12531 | D:13     | Killed a seven-headed hydra
 12890 | D:13     | Noticed an eight-headed hydra
 12897 | D:13     | Killed an eight-headed hydra
 13016 | D:13     | Noticed a five-headed hydra
 13023 | D:13     | HP: 46/94 [five-headed hydra (6)]
 13024 | D:13     | Killed a five-headed hydra
 13534 | D:13     | Killed a catoblepas
 13542 | D:13     | Learned a level 6 spell: Iron Shot
 13690 | D:13     | Noticed an eight-headed hydra
 13696 | D:13     | Killed an eight-headed hydra
 13697 | D:13     | Reached skill level 9 in Fighting
 13963 | D:13     | Reached skill level 9 in Spellcasting
 14403 | D:14     | Killed a centaur warrior
 14404 | D:14     | Reached XP level 13. HP: 83/101 MP: 16/26
 14596 | D:14     | Noticed Lodul
 14645 | D:14     | HP: 42/101 [Lodul/+0 dire flail (24)]
 14647 | D:14     | Killed Lodul
 14648 | D:14     | Reached skill level 14 in Earth Magic
 15055 | D:14     | HP: 49/102 [poisoned by a green ugly thing]
 15057 | D:14     | HP: 24/102 [poisoned by a green ugly thing]
 15325 | D:15     | Entered Level 15 of the Dungeon
 15698 | D:15     | Reached skill level 2 in Dodging
 15788 | D:15     | Reached skill level 10 in Fighting
 15967 | D:15     | Reached skill level 3 in Dodging
 15967 | D:15     | Reached skill level 10 in Spellcasting
 16329 | D:15     | Found a staircase to the Depths.
 16329 | D:15     | Noticed a dire elephant
 16339 | D:15     | Killed a dire elephant
 16340 | D:15     | Reached skill level 17 in Stealth
 16378 | D:15     | Reached skill level 4 in Dodging
 16775 | Orc:1    | Entered Level 1 of the Orcish Mines
 16866 | Orc:2    | Entered Level 2 of the Orcish Mines
 17083 | Orc:2    | HP: 44/103 [orc knight/bolt (20)]
 17380 | Orc:2    | Found a staircase to the Elven Halls.
 17403 | Orc:1    | Reached ****** piety under Dithmenos
 17638 | Orc:1    | Reached skill level 5 in Dodging
 17958 | Orc:1    | Noticed Maurice
 17962 | Orc:1    | Killed Maurice
 18971 | Orc:2    | Reached XP level 14. HP: 110/110 MP: 13/28
 19076 | Orc:2    | Reached skill level 15 in Earth Magic
 19267 | Orc:2    | Reached skill level 18 in Stealth
 19272 | Orc:2    | Reached skill level 6 in Dodging
 19381 | Orc:2    | Found Ynlurpho's Jewellery Boutique.
 19381 | Orc:2    | Found Voduimn's Book Emporium.
 19383 | Orc:2    | Found Ethajon's Distillery.
 19383 | Orc:2    | Found Neowococo's Jewellery Boutique.
 19391 | Orc:2    | Bought a potion of heal wounds for 75 gold pieces
 19482 | Lair:1   | Entered Level 1 of the Lair of Beasts
 19962 | Lair:1   | Reached skill level 1 in Conjurations
 20165 | Lair:1   | Found an iron altar of Okawaru.
 20808 | Lair:1   | Reached skill level 2 in Conjurations
 20974 | Lair:2   | Reached skill level 7 in Dodging
 21349 | Lair:2   | Found a staircase to the Shoals.
 21362 | Lair:2   | Found a hole to the Spider Nest.
 21886 | Lair:3   | Reached skill level 3 in Conjurations
 22507 | Lair:3   | Reached skill level 8 in Dodging
 23063 | Lair:4   | Reached skill level 4 in Conjurations
 23476 | Lair:4   | Found a snail-covered altar of Cheibriados.
 23566 | Lair:4   | Reached skill level 9 in Dodging
 23897 | Lair:4   | Reached skill level 5 in Conjurations
 24460 | Lair:5   | Entered Level 5 of the Lair of Beasts
 24625 | Lair:5   | Reached skill level 10 in Dodging
 24648 | Lair:5   | HP: 54/110 [lindwurm (5)]
 24653 | Lair:5   | HP: 47/110 [poisoned by a black mamba]
 24796 | Lair:5   | Reached skill level 6 in Conjurations
 24810 | Lair:5   | Reached XP level 15. HP: 93/115 MP: 4/29
 24933 | Lair:5   | Identified the amulet "Huleh" {Acrobat Will+ Int+6}
 25205 | Lair:5   | Noticed Nessos
 25213 | Lair:5   | HP: 56/115 [poisoned by Nessos]
 25218 | Lair:4   | HP: 55/115 [poisoned by Nessos]
 25254 | Lair:5   | Killed Nessos
 25757 | Lair:5   | Found a staircase to the Slime Pits.
 25775 | Lair:5   | Found a transporter.
 25783 | Lair:5   | Found the brooch of Shielding {Spirit SH+8}
 25784 | Lair:5   | Found a bloodstained altar of Trog.
 25784 | Lair:5   | Noticed Vig Uhad's ghost (journeyman OpTm)
 25790 | Lair:5   | Found a transporter.
 26035 | Spider:1 | Entered Level 1 of the Spider Nest
 26047 | Spider:1 | Reached skill level 7 in Conjurations
 26337 | Spider:1 | HP: 57/115 [poisoned by a wolf spider]
 26342 | Spider:1 | HP: 51/115 [poisoned by a wolf spider]
 26347 | Spider:1 | HP: 55/115 [poisoned by a wolf spider]
 26593 | Spider:1 | HP: 44/92 [jumping spider (3)]
 26925 | Spider:1 | Reached skill level 8 in Conjurations
 27437 | Spider:1 | HP: 42/92 [radroach (31)]
 27440 | Spider:1 | HP: 6/92 [radroach (23)]
 27442 | Spider:1 | Gained mutation: You occasionally shout uncontrollably at
                  | your foes. [mutagenic glow]
 27523 | Spider:1 | Lost mutation: You occasionally shout uncontrollably at
                  | your foes. [potion of mutation]
 27523 | Spider:1 | Gained mutation: You are resistant to electric shocks.
                  | (rElec) [potion of mutation]
 27523 | Spider:1 | Gained mutation: Your spells are a little harder to cast,
                  | but a little more powerful. [potion of mutation]
 27640 | Spider:1 | HP: 40/92 [meliai/+0 hand axe (10)]
 28162 | Spider:1 | Found a corrupted altar of Lugonu.
 28165 | Spider:1 | Found a one-way gate to the infinite horrors of the Abyss.
 28340 | Spider:2 | HP: 27/92 [spark wasp (20)]
 28342 | Spider:1 | HP: 7/92 [spark wasp (16)]
 28342 | Spider:1 | HP: 2/92 [spark wasp (5)]
 28344 | Spider:1 | Mangled by a spark wasp

Illustrated notes

Levels and vault maps discovered:
D:1:      dpeg_arrival_boxes_within_box, layout_loops_ring
D:2:      layout_loops_ring, uniq_terence
D:3:      layout_basic, corexii_shack, minmay_strange_pillars
D:4:      layout_cave_pods, minmay_temple_entry_stoned_glass, serial_shops,
          nicolae_shop_trees
D:5:      layout_basic, trog_wizard, minmay_hollow_rounded_squares
D:6:      layout_rooms
D:7:      nzn_winding_woodlands_cross [nzn_winding_woodlands_5x15_sawtooth,
          nzn_winding_woodlands_5x15_jagged,
          nzn_winding_woodlands_5x15_river_crossing,
          nzn_winding_woodlands_5x15_pockets,
          nzn_winding_woodlands_15x15_five_gardens], layout_gridville,
          enter_bailey_3
D:8:      layout_loops_corners, fedhas_altar_fruit_tree,
          chequers_temple_overflow_statue_of_worship, lemuel_doored_altar,
          hellmonk_bongcloud_opening
D:9:      layout_loops_ring, lair_entry_dummy, orc_0_dummy,
          onia_ninara_dug_in_and_dangerous, uniq_amaemon, uniq_joseph,
          uniq_prince_ribbit1
D:10:     layout_gridville, serial_shops, shop_statue, nicolae_square_shop
D:11:     layout_roguey, nicolae_gozag_cash_rules_everything_around_me
D:12:     layout_roguey, uniq_josephine
D:13:     layout_long_grid
D:14:     layout_roguey, david_vaults_3, gammafunk_ghost_berserking_beasts,
          minmay_misc_feat_diagonals, grunt_ministairs_7, uniq_lodul
D:15:     hangedman_depths_entry_try_elsewhere_first, layout_basic,
          serial_undead, serial_undead_e, serial_undead_e, serial_undead_c,
          serial_undead_c, serial_undead_f
Temple:   minmay_crystal_spiral_temple
Lair:1:   layout_cave_pods, basic_altar, infiniplex_staircase_pool,
          grunt_megastairs_1, serial_bayou_shore_b
Lair:2:   layout_gridlike, minmay_shoals_entry_beasts, dummy_spider_entry,
          basic_altar, beast_lair_carwin_1
Lair:3:   layout_loops_ring, beast_lair_carwin_4, serial_bayou_shore_a
Lair:4:   layout_cave_pods, kennysheep_snail_temple
Lair:5:   hangedman_lair_in_review, layout_long_grid, slime_entry_1,
          gammafunk_ghost_wrathful_warriors, uniq_nessos
Spider:1: layout_spider_delve, amcnicky_altar_lugonu_corruption
Spider:2: layout_spider_delve, hangedman_spider_tarantella_strand, uniq_agnes
Orc:1:    layout_caves, uniq_maurice
Orc:2:    grunt_orc_tribal_feast, layout_caves, basic_altar

Skill      XL: |  1  2  3  4  5  6  7  8  9 10 11 12 13 14 15 |
---------------+----------------------------------------------+-----
Stealth        | 6 7 8 9 11 13 16 17 18 | 18.1
Short Blades   | 3 4 |  4.0
Spellcasting   | 1 4 7 9 10 | 10.0
Earth Magic    | 2 4 5 7 9 11 12 13 14 15 | 15.0
Fighting       | 4 7 9 10 | 10.0
Dodging        | 5 10 | 10.0
Conjurations   | 6 8 |  8.7
Throwing       | |  1.5

Action                   |  1- 3 |  4- 6 |  7- 9 | 10-12 | 13-15 || total
-------------------------+-------+-------+-------+-------+-------++-------
Melee: Dagger            |    68 |   197 |   381 |   765 |   181 ||  1592
       Bite              |     3 |    23 |    52 |   117 |   121 ||   316
       Spear             |       |    11 |       |       |       ||    11
       Punch             |       |     2 |     4 |    16 |    15 ||    37
       Staff             |       |       |       |       |    11 ||    11
       Short sword       |       |       |       |       |   493 ||   493
Throw: Dart              |     2 |       |    48 |       |       ||    50
 Cast: Stone Arrow       |       |       |     7 |   105 |   465 ||   577
Invok: Shadow Step       |       |       |       |       |     1 ||     1
 Abil: Exsanguinate      |     2 |     1 |       |       |     1 ||     4
       Revivify          |     1 |     2 |       |       |       ||     3
Evoke: Lightning rod     |       |       |     4 |       |       ||     4
       Wand              |       |       |     2 |     2 |     2 ||     6
  Use: Potion            |     1 |       |     4 |       |     6 ||    11
       Scroll            |       |       |       |    15 |     8 ||    23
 Stab: Sleeping          |    22 |    18 |    23 |    39 |    66 ||   168
       Invisible         |       |       |       |     2 |       ||     2
       Petrified         |       |       |       |     2 |       ||     2
Armor: Robe              |     9 |    40 |   140 |   355 |   395 ||   939
Dodge: Dodged            |    31 |    77 |   280 |   580 |   830 ||  1798
       Repelled          |       |       |       |       |     7 ||     7
